 Dungeon Sprint DCSS version 0.17-a0-1570-g74b7129 (webtiles) character file.

1768 tt080 the Unseen (level 8, -11/36 HPs)
             Began as a Spriggan Enchanter on July 23, 2015.
             Was a Believer of Sif Muna.
             Shot with an arrow by a centaur warrior (24 damage)
             ... in the Dungeon (Sprint I: "Red Sonja").
             The game lasted 00:03:05 (1052 turns).

tt080 the Unseen (Spriggan Enchanter)               Turns: 1052, Time: 00:03:05

Health: -11/36     AC:  3    Str:  4    XL:     8   Next: 80%
Magic:  22/22      EV: 27    Int: 18    God:    Sif Muna [**....]
Gold:   361        SH:  0    Dex: 17    Spells: 5 memorised, 14 levels left

rFire  . . .     SeeInvis +     l - -2 dagger (curse)
rCold  . . .     Clarity  .     b - +1 robe
rNeg   . . .     SustAt   .     (shield restricted)
rPois  .         Gourm    .     (helmet restricted)
rElec  .         Spirit   .     (no cloak)
rCorr  .         Warding  .     (gloves unavailable)
rMut   .         NoTele   +     (boots unavailable)
MR     +....                    (no amulet)
Stlth  ++++......               (no ring)
                                (no ring)

@: very quick, somewhat resistant to hostile enchantments, stealthy
A: unfitting armour, see invisible, herbivore 3, speed 3, slow metabolism 2
a: Channel Energy, Forget Spell, Renounce Religion


You were in the Dungeon.
You worshipped Sif Muna.
Sif Muna was pleased with you.
You were not hungry.

You visited 1 branch You collected 486 gold pieces.
You spent 125 gold pieces at shops.

Inventory:

Hand weapons
 a - a +1 dagger
 l - a cursed -2 dagger (weapon)
Armour
 b - a +1 robe (worn)
Scrolls
 j - a scroll of blinking
Potions
 e - a potion of curing
 f - a potion of heal wounds
 g - a potion of haste
 h - 2 potions of magic
 i - a potion of degeneration {unknown}
Books
 c - a book of Maledictions

   Spells                             Type                      Level
   a - Corona                         Hexes                        1
   b - Ensorcelled Hibernation        Hexes/Ice                    2
   c - Confuse                        Hexes                        3
   d - Tukima's Dance                 Hexes                        3
   e - Dazzling Spray                 Conjuration/Hexes            3
Comestibles
 d - a bread ration
 k - a slice of pizza


   Skills:
 + Level 8.0 Short Blades
 + Level 11.3 Dodging
 * Level 16.8 Stealth
 + Level 9.7 Spellcasting
 + Level 11.7 Hexes
 - Level 0.5 Ice Magic


You had 14 spell levels left.
You knew the following spells:

 Your Spells              Type           Power        Failure   Level  Hunger
a - Corona                Hex            ######.      1%          1    None
b - Ensorcelled Hibernat  Hex/Ice        ####..       1%          2    None
c - Confuse               Hex            ######..     1%          3    None
d - Tukima's Dance        Hex            ######..     1%          3    None
e - Dazzling Spray        Conj/Hex       ####....     2%          3    None


Dungeon Overview and Level Annotations

Branches:
Dungeon (1/1)

Altars:
Cheibriados
Dithmenos
Elyvilon
Fedhas
Gozag
Kikubaaqudgha
Makhleb
Nemelex Xobeh
Okawaru
Qazlal
Ru
Sif Muna
Trog
Vehumet
Xom
Yredelemnul
Zin
The Shining One
Jiyva

Shops:
D *


Innate Abilities, Weirdness & Mutations

You are tiny and cannot use many weapons and most armour.
You have supernaturally acute eyesight.
You are a herbivore.
You cover ground extremely quickly.
You need consume almost no food.


Message History

Found 9 poisoned sling bullets, 21 stones and 24 arrows.
There is an open door here.
You now have 344 gold pieces (gained 10).
You see here 9 poisoned sling bullets.
You now have 361 gold pieces (gained 17).
A centaur warrior comes into view.
There is an open door here.
You enter the shallow water.
Moving in this stuff is going to be slow.
A centaur warrior comes into view.
The centaur warrior shouts! x2
The centaur warrior wields a longbow.
The centaur warrior shoots an arrow.
The arrow hits you!!
Ouch! That really hurt!
* * * LOW HITPOINT WARNING * * *
You hear a splash.
The centaur warrior wields a longbow.
The centaur warrior shoots an arrow.
The arrow hits you!!
Ouch! That really hurt!
You die...

########################
.#.)'..#.)'..#__#..ss..#
.'..#.)'..#..'..+.s#..s##+#
.#####+#####'#__####...'s.#
.#### #...#.####!(#####..+
.#__####..##.#§§§§c# ##
.#_..__##'#.§§§§§§§+
⌠#_.∩...'..P_#§§@§c#
##_..._##_.#'##§####
#_____###'#[#§§.(#
#########.####+###
.......'...+ ++++####.).#
##.## #P# *$!


You could see 2 centaur warriors.

Vanquished Creatures
  Sonja (D)
  2 kobold demonologists (D)
  A slime creature (D)
  Sigmund (D)
  A yak (D)
  An ogre (D)
  Ijyb (D)
  A jelly (D)
  A giant eyeball (D)
10 creatures vanquished.

Vanquished Creatures (others)
  2 giant spores (D)
2 creatures vanquished.

Grand Total: 12 creatures vanquished

Notes
Turn   | Place    | Note
--------------------------------------------------------------
     0 | D        | tt080 the Spriggan Enchanter began the quest for the Orb.
     0 | D        | Reached XP level 1. HP: 9/9 MP: 5/5
     1 | D        | Noticed Ijyb
     8 | D        | Killed Ijyb
     8 | D        | Reached skill level 6 in Stealth
     8 | D        | Reached XP level 2. HP: 13/13 MP: 7/7
    16 | D        | Learned a level 2 spell: Ensorcelled Hibernation
    58 | D        | Noticed an ogre
    63 | D        | Killed an ogre
    63 | D        | Reached skill level 5 in Dodging
    63 | D        | Reached skill level 8 in Stealth
    63 | D        | Reached XP level 3. HP: 16/16 MP: 3/9
    63 | D        | Reached XP level 4. HP: 21/21 MP: 3/11
   129 | D        | Noticed Sigmund
   134 | D        | Killed Sigmund
   134 | D        | Reached skill level 11 in Stealth
   134 | D        | Reached XP level 5. HP: 17/24 MP: 7/14
   224 | D        | Learned a level 3 spell: Confuse
   228 | D        | Learned a level 3 spell: Tukima's Dance
   232 | D        | Learned a level 3 spell: Dazzling Spray
   243 | D        | Found a deep blue altar of Sif Muna.
   244 | D        | Noticed a jelly
   245 | D        | Found a radiant altar of Vehumet.
   249 | D        | Killed a jelly
   249 | D        | Reached XP level 6. HP: 28/28 MP: 16/16
   252 | D        | Became a worshipper of Sif Muna the Loreminder
   259 | D        | Found a viscous altar of Jiyva.
   259 | D        | Found a blossoming altar of Fedhas.
   259 | D        | Noticed a slime creature
   260 | D        | Found a snail-covered altar of Cheibriados.
   260 | D        | Found a shadowy altar of Dithmenos.
   273 | D        | Killed a slime creature
   273 | D        | Acquired Sif Muna's first power
   273 | D        | Reached skill level 5 in Short Blades
   273 | D        | Reached skill level 13 in Stealth
   273 | D        | Reached skill level 10 in Hexes
   460 | D        | Noticed a kobold demonologist
   461 | D        | Noticed a kobold demonologist
   461 | D        | Paralysed by a giant eyeball for 2 turns
   464 | D        | Noticed an ice devil
   466 | D        | Killed a kobold demonologist
   466 | D        | Reached skill level 14 in Stealth
   466 | D        | Reached XP level 7. HP: 32/32 MP: 15/19
   468 | D        | Paralysed by a giant eyeball for 3 turns
   484 | D        | Killed a kobold demonologist
   484 | D        | Reached skill level 10 in Dodging
   484 | D        | Reached skill level 15 in Stealth
   484 | D        | Reached XP level 8. HP: 34/36 MP: 5/21
   585 | D        | Noticed a demonic crawler
   585 | D        | Noticed a demonic crawler
   585 | D        | Noticed a demonic crawler
   585 | D        | Noticed a demonic crawler
   616 | D        | Found Sibroplihan's Assorted Antiques.
   616 | D        | Found a white marble altar of Elyvilon.
   616 | D        | Found a stormy altar of Qazlal.
   616 | D        | Found a basalt altar of Yredelemnul.
   616 | D        | Found an iron altar of Okawaru.
   616 | D        | Found a sparkling altar of Nemelex Xobeh.
   616 | D        | Found a shimmering altar of Xom.
   616 | D        | Found an ancient bone altar of Kikubaaqudgha.
   616 | D        | Noticed a yak
   618 | D        | Found a burning altar of Makhleb.
   618 | D        | Found a sacrificial altar of Ru.
   618 | D        | Found an opulent altar of Gozag.
   622 | D        | Killed a yak
   622 | D        | Acquired Sif Muna's second power
   623 | D        | Found a glowing golden altar of the Shining One.
   623 | D        | Found a glowing silver altar of Zin.
   625 | D        | Found a bloodstained altar of Trog.
   629 | D        | Bought a potion of heal wounds for 125 gold pieces
   642 | D        | Noticed Sonja
   646 | D        | Killed Sonja
   646 | D        | Reached skill level 16 in Stealth
  1051 | D        | Noticed a centaur warrior
  1052 | D        | Noticed a centaur warrior
  1052 | D        | Shot with an arrow by a centaur warrior

Vault maps used:
D:        dungeon_sprint_1

Action                   |  1- 3 |  4- 6 |  7- 9 || total
-------------------------+-------+-------+-------++-------
Melee: Dagger            |     6 |     6 |    12 ||    24
 Cast: Ensorcelled Hiber |     1 |     6 |     8 ||    15
  Use: Potion            |     1 |       |     1 ||     2
 Stab: Sleeping          |     2 |     5 |     3 ||    10
